 Dungeon Crawl Stone Soup version 0.23.0 (webtiles) character file.

Game seed: 5389751756183323630

1556 Gazerockf the Spear-Bearer (level 8, 0/60 HPs)
             Began as a Merfolk Gladiator on Feb 10, 2019.
             Succumbed to an orc priest's poison
             ... on level 6 of the Dungeon.
             The game lasted 00:33:33 (4614 turns).

Gazerockf the Spear-Bearer (Merfolk Gladiator)      Turns: 4614, Time: 00:33:34

Health: 0/60       AC:  6    Str: 16    XL:     8   Next: 88%
Magic:  14/15      EV: 20    Int:  8    God:
Gold:   300        SH:  0    Dex: 20    Spells: 15/17 levels left

rFire    + + .     SeeInvis .   t - +3 halberd
rCold    . . .     Gourm    .   (shield currently unavailable)
rNeg     . . .     Faith    .   F - +2 robe {rF+}
rPois    .         Spirit   .   c - +0 helmet
rElec    .         Reflect  .   E - +0 cloak
rCorr    .         Harm     .   (no gloves)
MR       .....                  (no boots)
Stlth    +++.......             (no amulet)
HPRegen  0.20/turn              i - ring of protection from cold
MPRegen  0.14/turn              w - ring of fire

@: agile, lethally poisoned (0 -> -3)
A: change form in water, swift swim, stealthy swim
a: no special abilities


You were on level 6 of the Dungeon.
You were not hungry.

You visited 1 branch of the dungeon, and saw 6 of its levels.

You collected 300 gold pieces.

Inventory:

Hand Weapons
 g - a +2 whip of flaming
 t - a +3 halberd (weapon)
 G - a +2 quarterstaff of chaos
Missiles
 h - 110 stones
 v - 2 tomahawks
 y - 2 javelins (quivered)
Armour
 c - a +0 helmet (worn)
 z - a +0 large shield
 B - a +2 animal skin
 E - a +0 cloak (worn)
 F - a +2 robe of fire resistance (worn)
Jewellery
 i - a ring of protection from cold (left hand)
 w - a ring of fire (right hand)
Wands
 u - a wand of iceblast (8)
 D - a wand of random effects (39)
Scrolls
 d - 3 scrolls of remove curse {unknown}
 k - a scroll of fog {unknown}
 n - 2 scrolls of enchant weapon {unknown}
 p - 2 scrolls of enchant armour {unknown}
 r - 6 scrolls of identify {unknown}
 x - 2 scrolls of teleportation {unknown}
Potions
 m - a potion of curing {unknown}
 o - 2 potions of flight {unknown}
 q - 3 potions of cancellation {unknown}
Comestibles
 f - 13 rations


   Skills:
 - Level 4.0 Fighting
 - Level 8.2 Polearms
 - Level 5.1 Throwing
 - Level 4.0 Dodging
 + Level 5.0 Spellcasting
 - Level 5.0 Summonings


You had 15 spell levels left.
You knew the following spells:

 Your Spells              Type           Power        Failure   Level  Hunger
a - Call Imp              Summ           ##......     4%          2    ##.....

Your spell library contained the following spells:

 Spells                   Type           Power        Failure   Level  Hunger
 Magic Dart               Conj           #...         26%         1    #......
 Blink                    Tloc           N/A          36%         2    ##.....
 Slow                     Hex            #.......     36%         2    ##.....
 Conjure Flame            Conj/Fire      #.......     61%         3    ###....
 Mephitic Cloud           Conj/Pois/Air  #.......     61%         3    ###....


Dungeon Overview and Level Annotations

Branches:
Dungeon (6/15)
 Temple: D:4-7

Altars:
Ashenzari
Ru

Shops:
D:6 [


Message History

You feel sick. The bullfrog hits you.
* * * LOW HITPOINT WARNING * * *
You feel sick. The bullfrog misses you.
You see here a scroll labeled AQEFUV YXIEK.
You feel sick.
The orc wizard gestures wildly while chanting.
The orc wizard seems to speed up.
The bullfrog hits you but does no damage.
You feel sick.
The orc wizard mumbles some strange words.
The orc wizard blinks!
The bullfrog hits you.
* * * LOW HITPOINT WARNING * * *
You feel agile all of a sudden.
You feel sick. The bullfrog completely misses you. The bullfrog hits you.
* * * LOW HITPOINT WARNING * * *
The bullfrog hits you.
* * * LOW HITPOINT WARNING * * *
You die...

#. ####............ ....
......5.......p.
##.#....###............
........###...?###.....
........#.............
.......##..........###
..p....##.....F......####.
.......##..o..............
.....##........#@.........
..p.ppp........#..........
<..............###'##....
..........................
......................###.
......................#
...............#####.....
...).##........# .....
......#........# ......


You could see a bullfrog, an orc wizard, a neutral freed slave (wandering) and a
friendly crimson imp.

Vanquished Creatures
  Pikel (D:6)
  Grinder (D:3)
  A water moccasin (D:5)
  A scorpion (D:4)
  A bullfrog zombie (D:5)
  A centaur zombie (D:5)
  A crimson imp (D:5)
  4 orc priests
  2 orc wizards
  2 hounds (D:4)
  A gnoll shaman (D:5)
  Crazy Yiuf (D:4)
  An iguana (D:4)
  Terence (D:3)
  Robin (D:4)
  10 gnolls
  5 adders
  2 worms (D:2)
  4 dart slugs
  2 leopard geckos (D:1)
  13 orcs
  3 giant cockroaches
  14 goblins
  4 hobgoblins (D:1)
  6 jackals
  A quokka (D:2)
  6 bats
  3 frilled lizards
  A jackal skeleton (D:2)
  2 kobolds (D:1)
  A leopard gecko skeleton (D:4)
  A quokka skeleton (D:5)
  5 rats
  A plant (D:4)
104 creatures vanquished.

Vanquished Creatures (collateral kills)
  A centaur zombie (D:5)
  A hound (D:5)
  2 adders (D:5)
  A leopard gecko (D:5)
5 creatures vanquished.

Vanquished Creatures (others)
  A hound (D:6)
  A gnoll (D:6)
  A worm (D:6)
3 creatures vanquished.

Grand Total: 112 creatures vanquished

Notes
Turn   | Place    | Note
-------+----------+-------------------------------------------
     0 | D:1      | Gazerockf the Merfolk Gladiator began the quest for the
                  | Orb.
     0 | D:1      | Reached XP level 1. HP: 16/16 MP: 1/1
   136 | D:1      | Reached XP level 2. HP: 24/24 MP: 2/2
   403 | D:1      | Reached XP level 3. HP: 22/30 MP: 3/3
  1315 | D:2      | Noticed Terence
  1342 | D:3      | Killed Terence
  1342 | D:3      | Reached skill level 5 in Polearms
  1342 | D:3      | Reached XP level 4. HP: 3/37 MP: 4/4
  1938 | D:3      | Noticed Grinder
  1951 | D:3      | Killed Grinder
  1951 | D:3      | Reached skill level 7 in Polearms
  1951 | D:3      | Reached XP level 5. HP: 24/42 MP: 5/5
  1951 | D:3      | Reached XP level 6. HP: 28/48 MP: 6/6
  2380 | D:3      | Reached XP level 7. HP: 53/54 MP: 7/7
  2541 | D:4      | Reached skill level 8 in Polearms
  2541 | D:4      | Reached skill level 5 in Throwing
  2704 | D:4      | Learned a level 2 spell: Call Imp
  2728 | D:4      | Reached skill level 1 in Summonings
  2967 | D:4      | Found a sacrificial altar of Ru.
  3043 | D:4      | Noticed Robin
  3054 | D:4      | Killed Robin
  3168 | D:4      | Found a runed translucent door.
  3169 | D:4      | Noticed Crazy Yiuf
  3176 | D:4      | Killed Crazy Yiuf
  3430 | D:5      | Entered Level 5 of the Dungeon
  3607 | D:5      | Reached XP level 8. HP: 42/60 MP: 6/8
  4111 | D:5      | Reached skill level 5 in Summonings
  4275 | D:6      | Noticed Pikel
  4289 | D:6      | Killed Pikel
  4514 | D:6      | Found Borihei's Antique Armour Shoppe.
  4548 | D:6      | Found a shattered altar of Ashenzari.
  4601 | D:6      | Reached skill level 5 in Spellcasting
  4613 | D:6      | HP: 1/60 [bullfrog (3)]
  4614 | D:6      | Succumbed to an orc priest's poison

Skill      XL: |  1  2  3  4  5  6  7  8 |
---------------+-------------------------+-----
Fighting       | 3 4 |  4.0
Polearms       | 5 7 8 |  8.2
Throwing       | 4 5 |  5.1
Summonings     | 4 5 |  5.0
Spellcasting   | 5 |  5.0
Dodging        | |  4.0

Action                   |  1- 3 |  4- 6 |  7- 9 || total
-------------------------+-------+-------+-------++-------
Melee: Trident           |   138 |    57 |       ||   195
       Halberd           |       |    26 |   140 ||   166
Throw: Javelin           |    18 |     7 |    11 ||    36
       Throwing net      |     4 |       |     1 ||     5
       Tomahawk          |       |       |     2 ||     2
       Stone             |       |       |    12 ||    12
 Cast: Call Imp          |       |       |    19 ||    19
  Use: Potion            |     1 |     2 |     2 ||     5
 Stab: Sleeping          |     1 |       |     1 ||     2
       Held in net/web   |     2 |       |       ||     2
  Eat: Chunk             |     1 |     4 |     9 ||    14
Armor: Leather armour    |    26 |     3 |       ||    29
       Scale mail        |       |    15 |    21 ||    36
       Animal skin       |       |       |     8 ||     8
       Robe              |       |       |     5 ||     5
Dodge: Dodged            |    97 |    44 |    87 ||   228
